 Dungeon Crawl Stone Soup version 0.18-a0-1639-g7533f42 (webtiles) character file.

633 Vitoldo the Covert (level 7, 0/51 HPs)
             Began as a Vampire Assassin on Mar 26, 2016.
             Was a Believer of Makhleb.
             Slain by a gnoll (2 damage)
             ... on level 5 of the Dungeon on Mar 27, 2016.
             The game lasted 01:48:28 (6473 turns).

Vitoldo the Covert (Vampire Assassin)               Turns: 6473, Time: 01:48:29

Health: 0/51       AC:  0    Str: 10    XL:     7   Next: 24%
Magic:  5/7        EV: 26    Int: 14    God:    Makhleb [**....]
Gold:   182        SH:  0    Dex: 22    Spells: 0 memorised, 6 levels left

rFire  . . .     SeeInvis +     (weapon currently unavailable)
rCold  . . .     Gourm    .     (armour currently unavailable)
rNeg   + . .     Faith    .     (shield currently unavailable)
rPois  .         Spirit   .     (helmet currently unavailable)
rElec  .         Dismiss  .     (cloak currently unavailable)
rCorr  .         Reflect  .     (gloves currently unavailable)
SustAt .         Harm     .     (boots currently unavailable)
MR     .....                    (no amulet)
Stlth  ++++++....               (ring currently unavailable)
                                (ring currently unavailable)

@: bat-form, flying, very quick, not resistant to hostile enchantments, very
stealthy
A: fangs 3, see invisible, (unbreathing)
a: End Transformation, Minor Destruction, Renounce Religion


You were on level 5 of the Dungeon.
You worshipped Makhleb.
Makhleb was pleased with you.
You were not thirsty.
You were in vampire-bat-form.
You visited 1 branch of the dungeon, and saw 5 of its levels.
You also visited: Sewer.

You collected 182 gold pieces.

Inventory:

Hand Weapons
 a - a +3 dagger (melded)
 b - a +0 blowgun
 h - a +0 hunting sling
 i - a +0 short sword
 k - a +0 whip
 E - a +0 dagger
 R - a +2 dagger of venom
Missiles
 e - 7 poisoned needles
 f - 2 curare-tipped needles
 p - 25 arrows of flame
 v - 56 bolts
 H - 54 arrows
Armour
 c - a +1 robe (melded)
 d - a +0 cloak (melded)
 o - a +2 hat (melded)
 r - a +0 pair of gloves (melded)
 s - a +0 leather armour
 u - a +2 hat
 C - a +2 hat
Jewellery
 I - a +1 ring of protection (melded)
 K - a ring of stealth (melded)
Scrolls
 j - a scroll of enchant armour
 q - 6 scrolls of identify
 y - 4 scrolls of remove curse
 D - a scroll of teleportation
 O - 3 scrolls of fog {unknown}
Potions
 g - 3 potions of blood
 m - 2 potions of degeneration
 n - a potion of berserk rage {unknown}
 t - a potion of mutation {unknown}
 x - a potion of lignification
 z - a potion of haste {unknown}
 F - a potion of brilliance {unknown}
 J - a potion of ambrosia {unknown}
 L - a potion of cancellation {unknown}
 M - a potion of agility {unknown}
 N - 2 potions of might {unknown}
 P - 2 potions of heal wounds {unknown}
 Q - a potion of magic {unknown}
Books
 w - Sif Muna's Papyrus of Beguiling
   (You found it on level 2 of the Dungeon)

   Spells                             Type                      Level
   a - Corona                         Hexes                        1
Comestibles
 l - 4 bread rations
 A - a meat ration
 B - a slice of pizza
 G - 2 beef jerkies


   Skills:
 + Level 2.7 Fighting
 + Level 3.2 Short Blades
 + Level 1.6 Throwing
 + Level 5.5 Dodging
 + Level 9.7 Stealth


You had 6 spell levels left.
You didn't know any spells.

Dungeon Overview and Level Annotations

Branches:
Dungeon (5/15)
 Temple: D:4-7

Altars:
Ashenzari
Kikubaaqudgha
Makhleb
Okawaru
Pakellas
Sif Muna
Vehumet
Xom
Zin

Shops:
D:2 *   D:5 %


Innate Abilities, Weirdness & Mutations

You have razor-sharp teeth.
You have supernaturally acute eyesight.
((You can survive without breathing.))


Message History

The gnoll barely misses you. The gnoll completely misses you.
The gnoll hits you but does no damage. The gnoll barely misses you.
The gnoll hits you but does no damage. The gnoll completely misses you.
The gnoll completely misses you. The gnoll misses you.
The gnoll closely misses you. The gnoll misses you.
The gnoll is no longer moving quickly.
The gnoll hits you from afar with a halberd.
* * * LOW HITPOINT WARNING * * *
The gnoll barely misses you.
You turn into a vampire bat.
Your +3 dagger melds into your body.
Your +0 cloak melds into your body.
Your +2 hat melds into your body.
Your +0 pair of gloves melds into your body.
Your +1 robe melds into your body.
Your +1 ring of protection melds into your body.
Your ring of stealth melds into your body.
The gnoll misses you. The gnoll completely misses you. The gnoll misses you.
The gnoll completely misses you. The gnoll hits you.
You die...

..........)# .#.....#
##################)######.....###
.....<.⌠.⌠................#####.#
........∩.................#......
...^...⌠.⌠..............(.#......
..........................'......
..................g.......#......
.................g........#......
................bggg.g....#+#####
###'##################+#.....#..#
.......................#.....#...
.......................#.....#...
.......................#g....#...
.......................#.....'...
.......................#...g.#...
.......................#.....#...
'#####.[#..#.##...###'##..^..####


You could see a gnoll shaman and 5 gnolls.

Vanquished Creatures
  2 big kobolds (Sewer)
  A scorpion (D:4)
  A crimson imp (D:5)
  A jelly (D:5)
  2 hounds
  A giant frog skeleton (D:4)
  5 gnolls
  15 adders
  An ooze (Sewer)
  An adder skeleton (D:4)
  3 worms
  2 dart slugs (D:1)
  7 giant geckos
  3 orcs
  4 bats
  4 giant cockroaches
  5 goblins
  3 hobgoblins
  4 jackals (D:3)
  12 kobolds
  A quokka (D:3)
  7 ball pythons
  9 giant newts
  12 rats
106 creatures vanquished.

Vanquished Creatures (others)
  A troll (D:2)
1 creature vanquished.

Grand Total: 107 creatures vanquished

Notes
Turn   | Place    | Note
--------------------------------------------------------------
     0 | D:1      | Vitoldo the Vampire Assassin began the quest for the Orb.
     0 | D:1      | Reached XP level 1. HP: 16/16 MP: 1/1
    60 | D:1      | Reached skill level 6 in Stealth
    70 | D:1      | Upgraded the game from 0.18-a0-1637-g109f206 to 0.18-a0-1639-g7533f42
   109 | D:1      | Reached XP level 2. HP: 22/22 MP: 2/2
   643 | D:2      | Reached skill level 7 in Stealth
   643 | D:2      | Reached XP level 3. HP: 27/27 MP: 3/3
   982 | D:2      | Found a shimmering altar of Xom.
   982 | D:2      | Found a burning altar of Makhleb.
   992 | D:2      | Became a worshipper of Makhleb the Destroyer
  1140 | D:2      | Found an oddly glowing altar of Pakellas.
  1140 | D:2      | Noticed an orange crystal statue
  1141 | D:2      | Noticed a troll
  1174 | D:2      | Killed a troll
  1215 | D:2      | Found an ancient bone altar of Kikubaaqudgha.
  1215 | D:2      | Found a deep blue altar of Sif Muna.
  1217 | D:2      | Found a radiant altar of Vehumet.
  1222 | D:2      | Identified Sif Muna's Papyrus of Beguiling
  1378 | D:2      | Found Zin's Purification Station.
  1381 | D:2      | Found a glowing silver altar of Zin.
  1880 | D:2      | Reached XP level 4. HP: 33/33 MP: 4/4
  1969 | D:2      | Reached skill level 8 in Stealth
  2388 | D:3      | Found a shattered altar of Ashenzari.
  2398 | D:3      | Found an oddly glowing altar of Pakellas.
  2572 | D:3      | Found an iron altar of Okawaru.
  2731 | D:3      | Reached * piety under Makhleb
  2933 | D:3      | Reached XP level 5. HP: 39/39 MP: 5/5
  4053 | D:4      | Reached XP level 6. HP: 17/46 MP: 6/6
  4319 | D:4      | Reached skill level 9 in Stealth
  4789 | D:5      | Entered Level 5 of the Dungeon
  4789 | D:5      | Found Kudox's Food Boutique.
  5039 | D:5      | Found a glowing drain.
  5074 | Sewer    | Entered a sewer
  5113 | Sewer    | Reached ** piety under Makhleb
  5826 | Sewer    | Reached XP level 7. HP: 51/51 MP: 7/7
  5847 | Sewer    | Reached skill level 5 in Dodging
  6472 | D:5      | HP: 2/51 [gnoll/halberd (6)]
  6473 | D:5      | Slain by a gnoll

Vault maps used:
D:1:      sevenhm_arrival_forest_fort_small_6
D:2:      grunt_temple_overflow_magic_moments, gammafunk_temple_overflow_statue,
          zin_purify, st_stairs_13, gammafunk_pakellas_statue_experiment
D:3:      lemuel_doored_altar, ashenzari_altar_1, lemuel_crystal_altar,
          serial_co_window_serial, co_window_paths_b, co_window_paths_b,
          co_window_cross_1, co_window_paths_b, co_window_cross_1,
          co_window_paths_c, co_window_broadway_a, co_window_of_opportunity_b,
          co_window_broadway_c, co_window_unsneaky_path_e, co_window_paths_e,
          cheibrodos_gnoll_hut
D:5:      first_bread, portal_sewer_entry_f, serial_shops, shop_fountains
Sewer:    sewer_co_15_rooms

Skill      XL: |  1  2  3  4  5  6  7 |
---------------+----------------------+-----
Stealth        | 6 7 8 9 |  9.7
Fighting       | 2 |  2.7
Dodging        | 2 4 5 |  5.5
Short Blades   | 3 |  3.2
Throwing       | |  1.6

Action                   |  1- 3 |  4- 6 |  7- 9 || total
-------------------------+-------+-------+-------++-------
Melee: Dagger            |    72 |   329 |    64 ||   465
       Unarmed           |     2 |       |       ||     2
 Fire: Blowgun           |       |     1 |     3 ||     4
Invok: Minor Destruction |       |       |     1 ||     1
 Abil: Bat Form          |     1 |       |     1 ||     2
       End Transformatio |     1 |       |       ||     1
  Use: Scroll            |     3 |     5 |       ||     8
       Potion            |     2 |    12 |     2 ||    16
 Stab: Sleeping          |    15 |    13 |       ||    28
       Distracted        |       |     2 |       ||     2
  Eat: Corpse            |     2 |     1 |       ||     3
